woodfighter, neutral female human Healer ----------- ------ |.........| ------------ |.B..| ##-.......... |..........| #...@.| # |*........| |...........# #|..f.| # |.........| |.......*..|# #|..... # ---.----.-- ------.....|# #|....| # # ## |.....|# #------ # # # --.----# ### # # ### ################### # # # # #### ### -------- -------# ### ###### ######### #-------------# |......--- |...<.|# # # -.-.----- #|...........|# +........| |.....|# --.-.-- ........| #-...........|# |........| |.....-# |.....| |.......| |...........|#########-........| |.....| |.....| .*......| ------------- ---......| ------- |`....| --------- -------- |.>...+ ------- woodfighter the Rhizotomist Experience level: 2 Strength: 11 Dexterity: 8 Constitution: 16 Intelligence: 10 Wisdom: 14 Charisma: 16 Health: 0(23) Energy: 4(8) Def: 2 Gold: 2040 Moves: 1818 Dungeon seed: z22seVHKiq6MO9Lx Game ID: woodfighter_1504113966 Your Inventory: Coins $ - 2040 gold pieces Weapons a - a +0 scalpel (weapon in hand) Armor e - a blessed +1 pair of leather gloves (being worn) Comestibles j - 7 blessed eucalyptus leaves k - 2 blessed sprigs of wolfsbane l - a blessed clove of garlic m - 6 uncursed apples q - 2 uncursed food rations r - an uncursed cram ration s - 3 uncursed tripe rations Scrolls w - an uncursed scroll of scare monster y - an uncursed scroll of scare monster z - an uncursed scroll of teleportation Spellbooks g - a blessed spellbook of healing h - a blessed spellbook of extra healing i - a blessed spellbook of stone to flesh Potions c - 4 uncursed potions of healing d - 4 uncursed potions of extra healing o - an uncursed potion of sleeping u - an uncursed potion of speed Wands f - a wand of sleep (0:4) p - a wand of enlightenment (0:14) Tools b - an uncursed stethoscope Gems n - an uncursed luckstone Spells and supernatural/magical abilities: Name Level Category Fail Memory h - healing 1 healing 0% 91% x - extra healing 3 healing 98% 91% S - stone to flesh 3 healing 100% 91% W - pray for help -- divine ? -- Your skills at the end: Miscellaneous Skills wands [Basic] Weapon Skills knife [Basic] Spellcasting Skills healing spells [Basic] Final Attributes: You were devoutly aligned. You were poison resistant. You were stealthy. You were lucky. You had extra luck. Bad luck did not time out for you. Good luck did not time out for you. You are dead. Vanquished creatures: a homunculus a hobbit a giant rat a brown mold a yellow mold a gnome zombie 2 jackals 4 newts a goblin 6 sewer rats 7 grid bugs a lichen a kobold zombie 28 creatures vanquished. Voluntary challenges: You did not adorn yourself with jewelry or accessories. You did not cause conflict. You were not invisible. You did not have reflection. You were not displaced. You used a wielded weapon 47 times, starting on turn 42. You did not use containers. You did not apply a unicorn horn. You did not use plumbed fixtures. You did not drink any magical draughts. You were illiterate. You never genocided any monsters. You never polymorphed an object. You never changed form. You used no wishes. You never split a pudding. You never wrote Elbereth's name. You never violated your personal moral code. Dungeon overview: The Dungeons of Doom: levels 1 to 7 Level 1 a long staircase Level 2 some fountains, a sink Level 3 (boxes) Level 4 some fountains stairs to The Gnomish Mines Level 5 Level 6 (vault) <- You were here Level 7 The Gnomish Mines: Level 5 stairs to The Dungeons of Doom History has recorded: On T:1 you entered the Dungeons of Doom to retrieve the Amulet of Yendor! On T:321 you reached level 2 of The Dungeons of Doom. On T:344 you reached level 3 of The Dungeons of Doom. On T:349 you reached level 4 of The Dungeons of Doom. On T:1166 you reached level 5 of The Dungeons of Doom. On T:1205 you reached level 1 of The Gnomish Mines. On T:1515 you reached level 6 of The Dungeons of Doom. On T:1524 you prayed to Hermes. On T:1528 you advanced to experience level 2. On T:1652 you reached level 7 of The Dungeons of Doom. Score breakdown: Gold: 481 ( 48 points) Experience: 2 levels ( 100 points) Exploration: 7 levels ( 180 points) Discoveries: 6 items ( 300 points) Variety of kills: 13 monsters ( 650 points) Major goal: (nothing yet) ( 0 points) Survival: died (score multiplied by 3) Total score: 3834 Latest messages: You displace kitty. z - a scroll labeled RATSANOPU. You stop. Kitty is in the way! You displace kitty. The door opens. You displace kitty. This door is locked. You displace kitty. You see here a blue gem. The giant bat bites! (2x) You slash the giant bat. The giant bat is moderately wounded. The giant bat bites! You hack the giant bat. The giant bat is moderately wounded. The giant bat bites! (2x) You feel better. The giant bat bites! (2x) You hack the giant bat. The giant bat is moderately wounded. The giant bat bites! You slash the giant bat. The giant bat is moderately wounded. The giant bat bites! You die... Final status: Goodbye woodfighter the Healer, killed by a giant bat... You died in The Dungeons of Doom on dungeon level 6 with 3834 points, and 2040 pieces of gold, after 1818 moves. You were level 2 with a maximum of 23 hit points when you died.